 Dungeon Crawl Stone Soup version 0.22-a0-422-g9628fc8 (webtiles) character file.

13 4thArraOfDagon the Caller (level 2, -1/25 HPs)
             Began as a Minotaur Summoner on May 16, 2018.
             Slain by a hound zombie (3 damage)
             ... on level 2 of the Dungeon.
             The game lasted 00:00:31 (185 turns).

4thArraOfDagon the Caller (Minotaur Summoner)        Turns: 185, Time: 00:00:32

Health: -1/25      AC:  2    Str: 12    XL:     2   Next: 24%
Magic:  3/3        EV: 12    Int: 12    God:
Gold:   0          SH:  0    Dex: 10    Spells: 2/3 levels left

rFire    . . .     SeeInvis .   (no weapon)
rCold    . . .     Gourm    .   (no shield)
rNeg     . . .     Faith    .   a - +0 robe
rPois    .         Spirit   .   (helmet restricted)
rElec    .         Reflect  .   (no cloak)
rCorr    .         Harm     .   (no gloves)
MR       .....                  (no boots)
Stlth    ++........             (no amulet)
HPRegen  0.08/turn              (no ring)
MPRegen  0.08/turn              (no ring)

@: no status effects
A: retaliatory headbutt, horns 2
a: no special abilities


You were on level 2 of the Dungeon.
You were not hungry.

You visited 1 branch of the dungeon, and saw 2 of its levels.

Inventory:

Armour
 a - a +0 robe (worn)
Comestibles
 c - a ration


   Skills:
 + Level 2.4 Fighting
 - Level 2.1 Dodging
 - Level 1.5 Stealth
 - Level 1.3 Spellcasting
 - Level 2.9 Summonings


You had 2 spell levels left.
You knew the following spells:

 Your Spells              Type           Power        Failure   Level  Hunger
a - Summon Small Mammal   Summ           #...         9%          1    ##.....

Your spell library contained the following spells:

 Spells                   Type           Power        Failure   Level  Hunger
 Summon Ice Beast         Ice/Summ       #.......     83%         4    #####..
 Call Imp                 Summ           #.......     13%         2    ###....
 Call Canine Familiar     Summ           #.......     26%         3    ####...
 Summon Lightning Spire   Summ/Air       #.......     83%         4    #####..
 Summon Guardian Golem    Hex/Summ       #.......     43%         3    ####...


Dungeon Overview and Level Annotations

Branches:
Dungeon (2/15)

Altars:


Innate Abilities, Weirdness & Mutations

You reflexively headbutt those who attack you in melee.
You have a pair of horns on your head.


Message History

The hound zombie bites you.
* * * LOW HITPOINT WARNING * * *
You hit the hound zombie but do no damage.
The hound zombie is severely damaged.
The hound zombie bites you.
* * * LOW HITPOINT WARNING * * *
You hit the hound zombie.
The hound zombie is severely damaged.
The hound zombie bites you but does no damage. x2
You closely miss the hound zombie.
The hound zombie is severely damaged.
The hound zombie closely misses you. You furiously retaliate!
You headbutt the hound zombie. You hit the hound zombie.
The hound zombie is almost destroyed.
The hound zombie closely misses you.
You hit the hound zombie.
The hound zombie is almost destroyed.
The hound zombie bites you.
You die...

#)>.. #. ...
#. .J. #.
#.# #. #$#
#. ##.##
#.##.#.##
##.#Z###.###
#..@## ##.(#
##.#.###.#.#
####.#.##.#
##.## .. #.#
..# #.# ..#
#.. ..# ###
..#


You could see a hound zombie.

Vanquished Creatures
  An ooze (D:2)
  A dart slug (D:1)
  A bat (D:1)
  A hobgoblin (D:1)
  A frilled lizard (D:1)
  A kobold (D:1)
  2 rats (D:1)
8 creatures vanquished.

Notes
Turn   | Place    | Note
-------+----------+-------------------------------------------
     0 | D:1      | 4thArraOfDagon the Minotaur Summoner began the quest for the Orb.
     0 | D:1      | Reached XP level 1. HP: 14/14 MP: 1/1
    55 | D:1      | Reached skill level 1 in Fighting
   110 | D:1      | Reached XP level 2. HP: 11/24 MP: 3/3
   185 | D:2      | Slain by a hound zombie

Vault maps used:
D:1:      lemuel_arrival_room, minmay_misc_feat_secret_circle,
          minmay_tetromino_l4

Skill      XL: |  1 |
---------------+----+-----
Fighting       | 2 |  2.4
Dodging        | |  2.1
Stealth        | |  1.5
Spellcasting   | |  1.3
Summonings     | |  2.9

Action                   || total
-------------------------++-------
Melee: Unarmed           ||    45
       Headbutt          ||    12
Armor: Robe              ||    10
Dodge: Dodged            ||    22

Table legend:
 A = Spawn XP
 B = Non-spawn XP
 C = Spawn XP percentage of total XP
 D = Spawn monster count
 E = Non-spawn monster count
 F = Spawn count percentage of total count
 G = Total turns spent on level
                    A         B        C        D         E        F      G
               +---------+---------+-------+---------+---------+-------+---------
         Total |       0 |      19 |   0.0 |       0 |       8 |   0.0 |   185
               +---------+---------+-------+---------+---------+-------+---------
           D:1 |       0 |      12 |   0.0 |       0 |       7 |   0.0 |   153
           D:2 |       0 |       7 |   0.0 |       0 |       1 |   0.0 |    32
               +---------+---------+-------+---------+---------+-------+---------
